 Dungeon Crawl Stone Soup version 0.21.1-1-g345015f (webtiles) character file.

46 mrmercer the Sneak (level 3, -1/27 HPs)
             Began as a Vampire Assassin on July 4, 2018.
             Slain by a worm (7 damage)
             ... on level 2 of the Dungeon.
             The game lasted 00:15:59 (1426 turns).

mrmercer the Sneak (Vampire Assassin)               Turns: 1426, Time: 00:16:00

Health: -1/27      AC:  5    Str: 10    XL:     3   Next: 46%
Magic:  3/3        EV: 11    Int: 13    God:
Gold:   41         SH:  0    Dex: 16    Spells: 2/2 levels left

rFire    . . .     SeeInvis +   b - +0 blowgun
rCold    + . .     Gourm    .   (no shield)
rNeg     + + .     Faith    .   o - +0 leather armour
rPois    +         Spirit   .   (no helmet)
rElec    .         Reflect  .   d - +0 cloak
rCorr    .         Harm     .   (no gloves)
MR       .....                  r - +0 pair of boots
Stlth    ++++......             (no amulet)
HPRegen  0.04/turn              (no ring)
MPRegen  0.08/turn              (no ring)

@: regenerating slowly
A: fangs 3, see invisible, unbreathing
a: Bat Form


You were on level 2 of the Dungeon.
You were thirsty.

You visited 1 branch of the dungeon, and saw 2 of its levels.

You collected 41 gold pieces.

Inventory:

Hand Weapons
 a - a +2 dagger
 b - a +0 blowgun (weapon)
 i - a +3 hunting sling
 q - a +1 dagger of pain
Missiles
 e - 10 poisoned needles (quivered)
 f - 2 curare-tipped needles
 l - 3 needles of sleeping
Armour
 c - a +0 robe
 d - a +0 cloak (worn)
 o - a +0 leather armour (worn)
 r - a +0 pair of boots (worn)
Scrolls
 h - a scroll of amnesia {unknown}
 k - a scroll of blinking {unknown}
 n - a scroll of identify {unknown}
 t - a scroll of random uselessness {unknown}
Potions
 g - 12 potions of blood
 j - a potion of haste {unknown}
 m - 2 potions of brilliance {unknown}
 p - a potion of curing {unknown}
 s - a potion of ambrosia {unknown}


   Skills:
 + Level 1.8 Fighting
 + Level 2.4 Short Blades
 + Level 2.4 Throwing
 + Level 0.4 Armour
 + Level 1.2 Dodging
 + Level 6.5 Stealth


You had 2 spell levels left.
You didn't know any spells.

Dungeon Overview and Level Annotations

Branches:
Dungeon (2/15)

Altars:


Innate Abilities, Weirdness & Mutations

You heal slowly.
You have razor-sharp teeth.
You have supernaturally acute eyesight. (SInv)
You can survive without breathing.


Message History

The worm looks more healthy.
Firing (i - inventory. (,) - cycle):
e - 12 poisoned needles (quivered)
Press: ? - help, Shift-Dir - straight line, f/p - worm
Aim: a worm (moderately wounded)
You shoot a poisoned needle. The poisoned needle hits the worm.
The worm is poisoned.
The worm is moderately wounded.
The worm bites you. The worm bites you!
* * * LOW HITPOINT WARNING * * *
The worm bites you but does no damage.
The worm looks more healthy.
Okay, then.
Firing (i - inventory. (,) - cycle):
e - 11 poisoned needles (quivered)
Press: ? - help, Shift-Dir - straight line, f/p - worm
Aim: a worm (moderately wounded)
You shoot a poisoned needle. The poisoned needle hits the worm.
The worm is moderately wounded.
The worm bites you!
You die...

#.# #.# #.# #.#
#.#####
##########......
................
####.%........#####
#.@'.(........'...#
#w##..........###.#
#. #............#.#
#. #.##########.#.#
.. #.# #......#.#
## #.# #.####.#.#
#.# #......#.# #.#
######.#.# #.#
#....#.#.#


You could see a worm.

Vanquished Creatures
  An adder (D:2)
  2 dart slugs
  3 leopard geckos
  A giant cockroach (D:2)
  4 goblins
  3 hobgoblins
  3 jackals (D:2)
  A quokka (D:2)
  A ball python (D:1)
  2 bats
  A frilled lizard (D:1)
  A kobold (D:2)
  8 rats
  A plant (D:2)
32 creatures vanquished.

Notes
Turn   | Place    | Note
-------+----------+-------------------------------------------
     0 | D:1      | mrmercer the Vampire Assassin began the quest for the Orb.
     0 | D:1      | Reached XP level 1. HP: 16/16 MP: 1/1
    18 | D:1      | Reached skill level 6 in Stealth
   182 | D:1      | Reached XP level 2. HP: 15/22 MP: 2/2
   843 | D:2      | Reached XP level 3. HP: 12/27 MP: 3/3
  1426 | D:2      | Slain by a worm

Skill      XL: |  1  2 |
---------------+-------+-----
Stealth        | 6 |  6.5
Throwing       | 2 |  2.4
Fighting       | |  1.8
Short Blades   | |  2.4
Armour         | |  0.4
Dodging        | |  1.2

Action                   || total
-------------------------++-------
Melee: Dagger            ||   139
       Blowgun           ||    49
       Bite              ||    18
 Fire: Blowgun           ||    70
  Use: Scroll            ||     2
       Potion            ||     1
Armor: Robe              ||     1
       Leather armour    ||    22
Dodge: Dodged            ||    51
